 Dungeon Crawl Stone Soup version 0.27-a0-1200-g94dc6ad4cf (webtiles) character file.

Game seed: 18246111298887517714

153 Morbidden the Digger (level 4, -2/36 HPs)
             Began as a Demigod Earth Elementalist on May 31, 2021.
             Slain by a kobold brigand
             ... wielding a +0 short sword
              (5 damage)
             ... in a sewer.
             The game lasted 00:03:46 (2147 turns).

Morbidden the Digger (Demigod Earth Elementalist)   Turns: 2147, Time: 00:03:47

Health: -2/36      AC:  2    Str:  9    XL:     4   Next: 88%
Magic:  3/10       EV: 12    Int: 21    God:
Gold:   86         SH:  0    Dex: 14    Spells: 4/8 levels left

rFire    . . .     SeeInvis .   a - +2 dagger (drain)
rCold    . . .     Faith    .   (no shield)
rNeg     . . .     Spirit   .   c - +0 robe
rPois    .         Reflect  .   (no helmet)
rElec    .         Harm     .   (no cloak)
rCorr    .         Rampage  .   (no gloves)
Will     .....                  (no boots)
Stlth    ++........             (no amulet)
HPRegen  0.12/turn              (no ring)
MPRegen  0.12/turn              (no ring)

@: mighty, brilliant, hasted, very quick
A: high mp 1, forlorn
a: no special abilities


You were in a sewer.
You visited 1 branch of the dungeon, and saw 3 of its levels.
You also visited: Sewer.

You collected 86 gold pieces.

Inventory:

Hand Weapons
 a - a +2 dagger of draining (weapon)
Missiles
 b - 11 stones
 d - a curare-tipped dart
 g - 6 boomerangs (quivered)
 h - 13 poisoned darts
Armour
 c - a +0 robe (worn)
Scrolls
 e - a scroll of enchant weapon
 f - a scroll of fog {unknown}
 i - a scroll of immolation {unknown}
Potions
 j - a potion of brilliance
 m - a potion of flight {unknown}


   Skills:
 * Level 1.7 Fighting
 + Level 0.9 Short Blades
 + Level 0.2 Throwing
 + Level 2.3 Dodging
 + Level 2.2 Stealth
 * Level 2.5 Spellcasting
 + Level 0.8 Transmutations
 * Level 3.6 Earth Magic


You had 4 spell levels left.
You knew the following spells:

 Your Spells              Type           Power      Damage    Failure   Level
a - Sandblast             Erth           54%        2d13      3%          1
b - Stone Arrow           Conj/Erth      30%        3d8       21%         3

Your spell library contained the following spells:

 Spells                   Type           Power      Damage    Failure   Level
 Passwall                 Tmut/Erth      15%        N/A       9%          2
 Petrify                  Tmut/Erth      18%        N/A       50%         4
 Lee's Rapid Deconstruct  Erth           13%        3d10*     65%         5


Dungeon Overview and Level Annotations

Branches:
Dungeon (3/15)              Sewer (1/1)


Innate Abilities, Weirdness & Mutations

Your attributes grow dramatically as you level up.
You have an increased reservoir of magic. (+10% MP)
You shall have no god before yourself.


Message History

You feel sick.
The kobold brigand hits you with a +0 short sword.
* * * LOW HITPOINT WARNING * * *
Casting: Sandblast (safe; 3% risk of failure)
Confirm with . or Enter, or press ? or * to list all spells.
Aiming: Sandblast (safe; 3% risk of failure)
Press: ? - help, Shift-Dir - straight line, f/p - kobold brigand
Aim: a kobold brigand, wielding a +0 short sword and quivering poisoned darts (moderately wounded, 74% to hit)
The blast of sand misses the kobold brigand.
b - 12 stones You feel sick.
The kobold brigand misses you.
Unknown command.
Casting: Sandblast (safe; 3% risk of failure)
Confirm with . or Enter, or press ? or * to list all spells.
Aiming: Sandblast (safe; 3% risk of failure)
Press: ? - help, Shift-Dir - straight line, f/p - kobold brigand
Aim: a kobold brigand, wielding a +0 short sword and quivering poisoned darts (moderately wounded, 74% to hit)
The blast of sand hits the kobold brigand!
The kobold brigand is severely wounded.
b - 11 stones You feel sick.
The kobold brigand closely misses you.
Unknown command.
Unknown command.
It was a potion of brilliance.
You feel clever all of a sudden.
You feel sick.
The kobold brigand hits you but does no damage.
Unknown command.
It was a potion of haste.
You feel yourself speed up.
You feel sick. The kobold brigand closely misses you.
Unknown command.
It was a potion of might.
You feel very mighty all of a sudden.
You feel sick.
You are no longer poisoned.
Unknown command.
You closely miss the kobold brigand.
The kobold brigand is severely wounded.
The kobold brigand hits you with a +0 short sword.
You die...

##### ### # ##≈≈≈##
##.## #####..≈.≈#
#≈..# ≈≈≈≈≈≈≈†≈.#
!≈. #####..≈..# ≈?≈
# ##...## #K# ##≈##
#K# #≈# #@# #≈# #.#
##≈## ##.## #
##≈≈.## ##...##
#####....≈####.≈...#
≈≈≈≈≈≈....≈≈≈≈.†.≈.#
#####.....####....≈#
# ##.≈.## ##≈..##
##≈## ##≈##


You could see a kobold brigand and a kobold.

Vanquished Creatures
  A kobold brigand (Sewer)
  An adder (D:2)
  3 worms
  3 dart slugs
  3 orcs (D:3)
  5 endoplasms
  4 giant cockroaches
  4 goblins (D:1)
  5 hobgoblins
  3 ball pythons
  3 bats
  3 frilled lizards
  A kobold (Sewer)
  19 rats
58 creatures vanquished.

Vanquished Creatures (others)
  7 toadstools (D:1)
7 creatures vanquished.

Grand Total: 65 creatures vanquished

Notes
Turn   | Place    | Note
-------+----------+-------------------------------------------
     0 | D:1      | Morbidden the Demigod Earth Elementalist began the quest
                  | for the Orb.
     0 | D:1      | Reached XP level 1. HP: 14/14 MP: 5/5
   317 | D:1      | Reached skill level 3 in Earth Magic
   317 | D:1      | Reached XP level 2. HP: 22/22 MP: 7/7
   355 | D:1      | Reached skill level 1 in Fighting
   732 | D:2      | Reached XP level 3. HP: 26/28 MP: 8/8
  1386 | D:2      | You fall into a shaft and drop 1 floor!
  1426 | D:3      | Found a glowing drain.
  1439 | D:3      | Learned a level 3 spell: Stone Arrow
  1442 | Sewer    | Entered a sewer
  1689 | Sewer    | Noticed a kobold brigand
  1703 | Sewer    | Killed a kobold brigand
  1704 | Sewer    | Reached XP level 4. HP: 10/36 MP: 7/10
  2132 | Sewer    | Noticed a kobold brigand
  2147 | Sewer    | Slain by a kobold brigand

Illustrated notes

Levels and vault maps discovered:
D:1:      nagdon_arrival_double_spiral, layout_rooms
D:2:      layout_rooms, serial_park_tiny_1
D:3:      layout_basic, bloody_makhleb, shapermc_ecumenical_altar_venn,
          portal_sewer_entry_a
Sewer:    sewer_co_15_rooms

Skill      XL: |  1  2  3 |
---------------+----------+-----
Spellcasting   | 2 |  2.5
Earth Magic    | 3 |  3.6
Fighting       | 1 |  1.7
Dodging        | 2 |  2.3
Stealth        | 2 |  2.2
Short Blades   | |  0.9
Throwing       | |  0.2
Transmutations | |  0.8

Action                   |  1- 3 |  4- 6 || total
-------------------------+-------+-------++-------
Melee: Dagger            |    97 |     2 ||    99
       Unarmed           |     6 |       ||     6
Throw: Boomerang         |     4 |       ||     4
 Cast: Sandblast         |    32 |    14 ||    46
  Use: Potion            |     2 |     3 ||     5
       Scroll            |     2 |       ||     2
 Stab: Sleeping          |     5 |       ||     5
Armor: Robe              |    13 |     1 ||    14
       Skin              |     1 |       ||     1
Dodge: Dodged            |    69 |     6 ||    75

Table legend: (Time is in decaauts)
 A = Elapsed time spent in this place.
 B = Non-inter-level travel time spent in this place.
 C = Inter-level travel time spent in this place.
 D = Time resting spent in this place.
 E = Time spent auto-exploring this place.
 F = Levels seen in this place.
 G = Mean time per level.
                   A        B        C        D        E       F      G
               +--------+--------+--------+--------+--------+-----+--------+
         Total |   2209 |   2206 |      3 |    244 |   1542 |   4 |  552.2 |
       Dungeon |   1441 |   1438 |      3 |      0 |   1133 |   3 |  480.3 |
         Sewer |    767 |    767 |      0 |    244 |    409 |   1 |  767.0 |
               +--------+--------+--------+--------+--------+-----+--------+

Top non-repeatable levels by time:
   Sewer: 767 daAuts
     D:1: 719 daAuts
     D:2: 665 daAuts
     D:3: 56 daAuts
